 Dungeon Crawl Stone Soup version 0.23.1 (webtiles) character file.

Game seed: 17636808717165624310

123 poirepourri the Cudgeler (level 5, 0/32 HPs)
             Began as a Gargoyle Fighter on Mar 3, 2019.
             Slain by an orc wizard
             ... wielding a +0 dagger
              (3 damage)
             ... on level 3 of the Dungeon.
             The game lasted 00:02:06 (1958 turns).

poirepourri the Cudgeler (Gargoyle Fighter)         Turns: 1958, Time: 00:02:08

Health: 0/32       AC: 12    Str: 20    XL:     5   Next: 7%
Magic:  5/5        EV:  7    Int:  8    God:
Gold:   72         SH:  9    Dex: 10    Spells: 4/4 levels left

rFire    . . .     SeeInvis .   a - +0 flail
rCold    . . .     Gourm    .   c - +0 shield
rNeg     + . .     Faith    .   b - +0 scale mail
rPois    ∞         Spirit   .   (no helmet)
rElec    +         Reflect  .   (no cloak)
rCorr    .         Harm     .   h - +0 pair of gloves (curse)
MR       .....                  (no boots)
Stlth    ..........             (no amulet)
HPRegen  0.10/turn              (no ring)
MPRegen  0.09/turn              (no ring)

@: no status effects
A: negative energy resistance 1, electricity resistance, unbreathing,
petrification resistance, rot immunity, AC +4
a: no special abilities


You were on level 3 of the Dungeon.
You were not hungry.

You visited 1 branch of the dungeon, and saw 3 of its levels.

You collected 72 gold pieces.

Inventory:

Hand Weapons
 a - a +0 flail (weapon)
Armour
 b - a +0 scale mail (worn)
 c - a +0 shield (worn)
 h - a cursed +0 pair of gloves (worn)
Wands
 i - a wand of acid (8)
Scrolls
 n - a scroll of fear {unknown}
Potions
 e - a potion of resistance
 k - a potion of invisibility
 l - a potion of lignification
Comestibles
 f - 4 rations


   Skills:
 - Level 3.2 Fighting
 + Level 5.1 Maces & Flails
 - Level 3.2 Armour
 - Level 3.2 Shields


You had 4 spell levels left.
You didn't know any spells.
Your spell library was empty.

Dungeon Overview and Level Annotations

Branches:
Dungeon (3/15)

Altars:


Innate Abilities, Weirdness & Mutations

You are resistant to torment.
Your stone body is resilient. (AC +4)
You are immune to poison.
You resist negative energy. (rN+)
You are resistant to electric shocks. (rElec)
You can survive without breathing.
You are immune to petrification.
You are immune to rotting.


Message History

You kill the orc priest!
Your Maces & Flails skill increases to level 5!
You have reached level 5!
The goblin hits you but does no damage. The orc wizard barely misses you.
You completely miss the goblin.
The orc priest mumbles some strange prayers to Beogh against you.
Beogh smites you!
* * * LOW HITPOINT WARNING * * *
The goblin hits you but does no damage. You block the orc wizard's attack.
It was a potion of brilliance.
You feel clever all of a sudden. The goblin hits you but does no damage.
You block the orc wizard's attack.
It was a potion of cancellation.
Your magical effects are unravelling.
You feel magically purged.
You feel a little less mighty now.
You feel a little less clever now. The goblin hits you with a +0 dagger.
* * * LOW HITPOINT WARNING * * *
The orc wizard hits you with a +0 dagger.
You die...

...........#
#.!........#
#........... .
#........... .... >
#...)....... ......
#.......... ......#
#bo{....... .....
#og###.............
#####@###.........##.#
#.................##..
#.........#...(...##..
#.........##.....#....
##..................##.
##.............##.......
#..............##..#....
###.........#...†.......
#.........#.###†#.....


You could see an orc priest, an orc wizard, a goblin and a bat.

Vanquished Creatures
  An orc priest (D:3)
  An adder (D:2)
  A shadow imp (D:3)
  An ooze (D:3)
  5 dart slugs
  2 leopard geckos
  2 orcs (D:3)
  A ball python (D:3)
  4 giant cockroaches
  2 goblins (D:1)
  7 hobgoblins
  8 jackals
  A ball python zombie (D:2)
  7 bats
  A frilled lizard (D:1)
  7 kobolds
  4 rats
55 creatures vanquished.

Notes
Turn   | Place    | Note
-------+----------+-------------------------------------------
     0 | D:1      | poirepourri the Gargoyle Fighter began the quest for the
                  | Orb.
     0 | D:1      | Reached XP level 1. HP: 14/14 MP: 1/1
   165 | D:1      | Reached XP level 2. HP: 18/19 MP: 2/2
   355 | D:1      | Reached skill level 3 in Maces & Flails
   463 | D:1      | Reached XP level 3. HP: 23/23 MP: 3/3
  1143 | D:2      | Reached skill level 4 in Maces & Flails
  1245 | D:2      | Reached XP level 4. HP: 28/28 MP: 4/4
  1955 | D:3      | Reached skill level 5 in Maces & Flails
  1955 | D:3      | Reached XP level 5. HP: 17/32 MP: 5/5
  1958 | D:3      | Slain by an orc wizard

Skill      XL: |  1  2  3  4 |
---------------+-------------+-----
Maces & Flails | 3 4 5 |  5.1
Fighting       | |  3.2
Armour         | |  3.2
Shields        | |  3.2

Action                   |  1- 3 |  4- 6 || total
-------------------------+-------+-------++-------
Melee: Flail             |   130 |   103 ||   233
  Use: Scroll            |     2 |     4 ||     6
       Potion            |       |     4 ||     4
  Eat: Ration            |     1 |       ||     1
Armor: Scale mail        |    77 |    76 ||   153
Dodge: Dodged            |    44 |    45 ||    89
Block: Shield            |    62 |    79 ||   141
